 Dungeon Crawl Stone Soup version 0.26.1-11-gd32895ea62 (webtiles) character file.

Game seed: 11041386496515675052

727 DearestLeader the Grave Robber (level 7, -5/55 HPs)
             Began as a Deep Dwarf Necromancer on May 6, 2021.
             Was an Initiate of Makhleb.
             Killed from afar by a white imp (6 damage)
             ... with a puff of frost
             ... on level 5 of the Dungeon.
             The game lasted 00:11:24 (4794 turns).

DearestLeader the Grave Robber (DDNe)               Turns: 4794, Time: 00:11:25

Health: -5/55      AC:  5    Str: 12    XL:     7   Next: 44%
Magic:  10/10      EV: 12    Int: 17    God:    Makhleb [......]
Gold:   314        SH:  0    Dex: 13    Spells: 1/10 levels left

rFire    . . .     SeeInvis .   z - +2 war axe (flame)
rCold    . . .     Faith    .   (no shield)
rNeg     . . .     Spirit   .   q - +0 leather armour
rPois    .         Reflect  .   k - +0 helmet
rElec    .         Harm     .   (no cloak)
rCorr    .         Rampage  .   (no gloves)
Will     +....                  f - +0 pair of boots
Stlth    ++........             (no amulet)
HPRegen  0.00/turn              (no ring)
MPRegen  0.12/turn              C - +4 ring of slaying

@: attractive, non-regenerating
A: damage resistance, heal wounds, sense surroundings 1, no regeneration
a: Heal Wounds, Renounce Religion


You were on level 5 of the Dungeon.
You worshipped Makhleb.
Makhleb was noncommittal.
You visited 2 branches of the dungeon, and saw 6 of its levels.

You collected 314 gold pieces.

Inventory:

Hand Weapons
 c - a +0 whip
 d - a +0 hand axe
 z - a +2 war axe of flaming (weapon)
Missiles
 G - 20 poisoned darts (quivered)
Armour
 a - a +0 robe
 f - a +0 pair of boots (worn)
 k - a +0 helmet (worn)
 o - a +0 ring mail
 q - a +0 leather armour (worn)
 v - a cursed -2 plate armour
 w - a +0 buckler
 F - the +6 scale mail "Xuanur" {rPois Str+2, unknown}
   (You found it on level 4 of the Dungeon)

   It affects your strength (+2).
   It protects you from poison.
 I - a cursed +0 scale mail
Jewellery
 u - an uncursed ring of fire
 C - a +4 ring of slaying (right hand)
 H - an uncursed ring of fire
Wands
 s - a wand of digging (7)
Scrolls
 e - 2 scrolls of enchant armour {unknown}
 g - 5 scrolls of remove curse
 h - 3 scrolls of fear {unknown}
 j - 3 scrolls of enchant weapon {unknown}
 l - 6 scrolls of identify {unknown}
 m - 2 scrolls of teleportation {unknown}
 p - a scroll of fog {unknown}
 r - 2 scrolls of blinking {unknown}
 x - a scroll of random uselessness {unknown}
 y - 2 scrolls of immolation {unknown}
 A - a scroll of noise {unknown}
 D - 2 scrolls of amnesia {unknown}
 J - a scroll of magic mapping {unknown}
Potions
 b - a potion of magic {unknown}
 i - a potion of flight {unknown}
 n - a potion of degeneration {unknown}
 t - a potion of invisibility {unknown}
 B - a potion of might
 E - a potion of attraction


   Skills:
 * Level 4.3 Axes
 - Level 3.0 Armour
 - Level 2.1 Dodging
 - Level 2.4 Stealth
 + Level 3.1 Shields
 - Level 2.0 Spellcasting
 + Level 7.4 Necromancy


You had one spell level left.
You knew the following spells:

 Your Spells              Type           Power        Failure   Level
a - Pain                  Necr           100%         1%          1
b - Animate Skeleton      Necr           54%          1%          1
c - Vampiric Draining     Necr           13%          3%          3
d - Animate Dead          Necr           13%          12%         4

Your spell library contained the following spells:

 Spells                   Type           Power        Failure   Level
 Apportation              Tloc           2%           24%         1
 Corona                   Hex            1%           24%         1
 Magic Dart               Conj           4%           24%         1
 Summon Small Mammal      Summ           4%           24%         1
 Agony                    Necr           27%          32%         5
 Blink                    Tloc           N/A          36%         2
 Call Imp                 Summ           1%           36%         2
 Slow                     Hex            1%           36%         2
 Conjure Flame            Conj/Fire      1%           58%         3
 Mephitic Cloud           Conj/Pois/Air  1%           58%         3


Dungeon Overview and Level Annotations

Branches:
Dungeon (5/15)             Temple (1/1) D:5

Altars:
Ashenzari
Fedhas
Gozag
Hepliaklqana
Makhleb
Nemelex Xobeh
Okawaru
Trog
Wu Jian
Zin
The Shining One


Innate Abilities, Weirdness & Mutations

You are resistant to damage.
You can heal yourself by infusing magical energy.
You passively map a small area around you.
You do not regenerate.


Message History

You resist with significant effort. The shadow imp barely misses you.
You hit the shadow imp. You burn the shadow imp.
You kill the shadow imp!
Makhleb accepts your kill.
m - 2 scrolls labelled XIPUNOODDA (gained 1)
A white imp comes into view.
The white imp moves out of view.
You now have 314 gold pieces (gained 17).
A white imp is nearby!
You are too injured to fight recklessly!
The white imp gestures at you. The puff of frost hits you!
* * * LOW HITPOINT WARNING * * *
The white imp barely misses you.
Okay, then.
It was a potion of attraction.
You feel attractive to monsters. The white imp gestures at you.
The puff of frost hits you!
You die...

,#.#....# #....#.......
###.#*#..###............
#.....#.................
#######......>...)......
≈≈≈≈≈≈≈.................
#######.##..............
*
,#....,#.##..............
###.###.................
* # #..@.#..............
*,#.5..#...#.#..######
,.....###..#######
....... ##.# * #######*
**


You could see a white imp.

Vanquished Creatures
  2 ogres
  A water moccasin skeleton (D:5)
  A centaur skeleton (D:4)
  4 orc wizards
  4 worker ants
  Natasha (thrice) (D:2)
  3 gnolls (D:2)
  6 adders
  A shadow imp (D:5)
  A white imp (D:4)
  A worm (D:2)
  A dart slug (D:2)
  4 leopard geckos
  10 orcs
  A ball python (D:1)
  6 giant cockroaches
  7 goblins
  4 hobgoblins
  3 jackals (D:3)
  5 quokkas
  9 bats
  3 frilled lizards
  6 kobolds
  2 quokka skeletons (D:4)
  A quokka zombie (D:5)
  12 rats
101 creatures vanquished.

Vanquished Creatures (collateral kills)
  A giant cockroach (D:1)
1 creature vanquished.

Vanquished Creatures (others)
  2 plants (D:2)
2 creatures vanquished.

Grand Total: 104 creatures vanquished

Notes
Turn   | Place    | Note
-------+----------+-------------------------------------------
     0 | D:1      | DearestLeader the Deep Dwarf Necromancer began the quest
                  | for the Orb.
     0 | D:1      | Reached XP level 1. HP: 15/15 MP: 3/3
   340 | D:1      | Reached XP level 2. HP: 14/22 MP: 1/4
   351 | D:1      | Learned a level 1 spell: Animate Skeleton
   491 | D:1      | Reached skill level 5 in Necromancy
  1233 | D:2      | Reached XP level 3. HP: 9/28 MP: 2/5
  1263 | D:1      | Learned a level 3 spell: Vampiric Draining
  1309 | D:2      | Found a faded altar of an unknown god.
  1459 | D:2      | Noticed Natasha
  1465 | D:2      | Killed Natasha
  1558 | D:2      | Reached skill level 6 in Necromancy
  1558 | D:2      | Reached XP level 4. HP: 29/36 MP: 2/7
  1655 | D:2      | Reached skill level 1 in Armour
  1867 | D:2      | Noticed Natasha
  1875 | D:2      | Killed Natasha
  1962 | D:2      | Reached XP level 5. HP: 42/42 MP: 1/8
  2090 | D:2      | Found a blossoming altar of Fedhas.
  2177 | D:2      | Found a bloodstained altar of Trog.
  2189 | D:2      | Noticed Natasha
  2197 | D:2      | Killed Natasha
  2567 | D:3      | Reached skill level 1 in Shields
  2648 | D:3      | Reached skill level 1 in Axes
  2810 | D:3      | Found an ornate altar of the Wu Jian Council.
  3228 | D:4      | Reached XP level 6. HP: 39/49 MP: 2/9
  3233 | D:4      | Learned a level 4 spell: Animate Dead
  3590 | D:4      | Reached skill level 7 in Necromancy
  3764 | D:4      | Found a hazy altar of Hepliaklqana.
  3816 | D:4      | Found an iron altar of Okawaru.
  3816 | D:4      | Found a broken altar of Ashenzari.
  3968 | D:4      | Got a faintly humming scale mail
  4306 | D:5      | Entered Level 5 of the Dungeon
  4345 | D:5      | Reached XP level 7. HP: 54/55 MP: 0/10
  4426 | D:5      | Found a staircase to the Ecumenical Temple.
  4443 | Temple   | Entered the Ecumenical Temple
  4499 | Temple   | Became a worshipper of Makhleb the Destroyer
  4792 | D:5      | HP: 1/55 [white imp/puff of frost (13)]
  4794 | D:5      | Killed from afar by a white imp

Illustrated notes

Levels and vault maps discovered:
D:1:      dpeg_arrival_lava_temple_mockup, layout_basic, minmay_pentomino_o2
D:2:      layout_rooms, lightli_temple_of_fire, fedhas_altar_3,
          chequers_ecumenical_altar_simple_redux, uniq_natasha
D:3:      layout_basic, nzn_wu_jian_contemplation
D:4:      layout_cave_pods, nzn_hepliaklqana_mist_gate,
          gammafunk_temple_overflow_elements, due_unseen_surprise
D:5:      layout_cave_pools, kennysheep_little_box,
          minmay_temple_entry_large_hall, grunt_decor_cap
Temple:   nicolae_temple_god_jail

Skill      XL: |  1  2  3  4  5  6  7 |
---------------+----------------------+-----
Necromancy     | 5 6 7 |  7.4
Spellcasting   | 2 |  2.0
Armour         | 1 2 3 |  3.0
Shields        | 1 2 3 |  3.1
Axes           | 1 3 4 |  4.3
Dodging        | |  2.1
Stealth        | |  2.4

Action                   |  1- 3 |  4- 6 |  7- 9 || total
-------------------------+-------+-------+-------++-------
Melee: Hand axe          |     8 |    50 |       ||    58
       War axe           |       |    52 |    28 ||    80
 Cast: Pain              |    58 |     5 |       ||    63
       Animate Skeleton  |     1 |       |       ||     1
       Vampiric Draining |     3 |    36 |     7 ||    46
  Use: Scroll            |     1 |       |       ||     1
       Potion            |       |       |     1 ||     1
 Stab: Sleeping          |       |     1 |       ||     1
Armor: Robe              |     2 |       |       ||     2
       Leather armour    |     2 |    46 |    11 ||    59
Dodge: Dodged            |    25 |   101 |    19 ||   145
